 Seeded DCSS version 0.32-a0-485-g70f7560 (webtiles) character file.

Game seed: 7942559003663619627 (custom seed)

192587 PurpleRed the Warrior (level 18, -12/210 HPs)
             Began as an Oni Necromancer on Feb 25, 2024.
             Was the Champion of Okawaru.
             Succumbed to a +1 trident of venom's poison
             ... on level 1 of the Elven Halls on Feb 26, 2024.
             The game lasted 02:22:51 (43911 turns).

PurpleRed the Warrior (Oni Necromancer)            Turns: 43911, Time: 02:22:51

Health: -12/210    AC:  7    Str: 23    XL:     18   Next: 24%
Magic:  1/27       EV: 16    Int: 16    God:    Okawaru [******]
Gold:   536        SH:  8    Dex:  9    Spells: 25/29 levels left

rFire   + + .        V - +8 mithril axe "Arga" {speed, Will+}
rCold   + + +        (no shield)
rNeg    + . .        a - +4 skin of Zhor {*Englaciate rC+++ SInv}
rPois   .            (helmet restricted)
rElec   +            r - scarf {rC+ rF+}
rCorr   .            (gloves unavailable)
SInv    +            (boots unavailable)
Will    ++...        g - brooch of Shielding {Spirit SH+8}
Stlth   +            f - ring "Lasitaom" {rElec rF+ rN+}
HPRegen 0.55/turn    E - +5 ring of evasion
MPRegen 0.20/turn

%: guardian spirit
@: lethally poisoned (-12 -> -61)
A: large, unfitting armour, horns 1, tough skin 1, double potion healing,
drunken brawling
}: 1/15 runes: gossamer
a: Renounce Religion, Heroism, Finesse, Duel


You were on level 1 of the Elven Halls.
You worshipped Okawaru.
Okawaru was exalted by your worship.
You visited 6 branches of the dungeon, and saw 29 of its levels.
You also visited: Sewer and Gauntlet.

You collected 3122 gold pieces.
You spent 2586 gold pieces at shops.

Inventory:

Hand Weapons
 I - a +0 broad axe of venom
 L - the +9 dire flail "Uwnu Cot" {freeze, Str+2}
   (You found it on level 1 of the Elven Halls)

   Str+2:     It affects your strength (+2).
 V - the +8 mithril axe "Arga" (weapon) {speed, Will+}
   (Okawaru gifted it to you on level 1 of the Orcish Mines)

   Will+:     It increases your willpower.
Missiles
 i - 2 silver javelins
 k - 10 curare-tipped darts
 R - 30 large rocks (quivered)
Armour
 a - the +4 skin of Zhor (worn) {*Englaciate rC+++ SInv}
   (Okawaru gifted it to you on level 1 of the Orcish Mines)

   *Englaciate: It radiates cold, occasionally slowing all nearby creatures who
   are not resistant to cold.
   rC+++:     It renders you almost immune to cold.
   SInv:      It lets you see invisible.
 r - a scarf of resistance (worn)
 v - the +1 robe "Hegiad" {Rampage rElec Regen+ Dex-4}
   (You took it off a minotaur in a Gauntlet)

   Dex-4:     It affects your dexterity (-4).
   rElec:     It insulates you from electricity.
   Regen+:    It increases your rate of health regeneration.
   Rampage:   It bestows one free step when moving towards enemies.
 y - a +1 robe of willpower
 M - the +1 troll leather armour of Minor Irritation {rN+ Regen+ Dex+3}
   (You bought it in a shop on level 2 of the Orcish Mines)

   Dex+3:     It affects your dexterity (+3).
   rN+:       It protects you from negative energy.
   Regen+:    It increases your rate of health regeneration.
 N - a +2 cloak
 Z - the +2 cloak "Neimn" {Harm rPois rF-}
   (You found it in a Gauntlet)

   rF-:       It makes you vulnerable to fire.
   rPois:     It protects you from poison Harm: It increases damage dealt and
   taken.
Jewellery
 f - the ring "Lasitaom" (left hand) {rElec rF+ rN+}
   (You bought it in a shop on level 2 of the Orcish Mines)

   [ring of positive energy]

   rF+:       It protects you from fire.
   rElec:     It insulates you from electricity.
   rN+:       It protects you from negative energy.
 g - the brooch of Shielding (around neck) {Spirit SH+8}
   (You found it on level 9 of the Dungeon)

   [amulet of guardian spirit]

   Spirit:    It causes incoming damage to be divided between your reserves of
   health and magic.
   SH+8:      It affects your SH (+8).
 q - a ring of resist corrosion
 x - a ring of poison resistance
 E - a +5 ring of evasion (right hand)
 S - a +4 ring of protection
 T - a ring of protection from cold
 W - a ring of see invisible
 X - a ring of flight
Talismans
 n - a granite talisman
Wands
 l - a wand of light (6)
 B - a wand of mindburst (44)
 F - a wand of iceblast (5)
 J - a wand of digging (15)
Scrolls
 c - 4 scrolls of fog
 h - 7 scrolls of teleportation
 m - 4 scrolls of enchant armour
 o - a scroll of silence
 p - 5 scrolls of fear
 u - 6 scrolls of revelation
 w - 2 scrolls of immolation
 G - 2 scrolls of enchant weapon
 H - 3 scrolls of torment
 O - a scroll of poison
 Y - 4 scrolls of blinking
Potions
 b - a potion of magic
 d - 3 potions of attraction
 e - a potion of berserk rage
 j - 3 potions of lignification
 s - 6 potions of ambrosia
 t - 3 potions of haste
 z - 5 potions of mutation
 A - 3 potions of brilliance
 C - a potion of might
 D - 9 potions of curing
 K - 2 potions of enlightenment
 P - 4 potions of invisibility
 Q - 6 potions of heal wounds
 U - 2 potions of cancellation


   Skills:
 - Level 20.0 Fighting
 - Level 18.0 Axes
 - Level 14.0 Throwing
 - Level 4.0 Armour
 - Level 6.0 Dodging
 - Level 1.4 Stealth
 - Level 8.0 Shields
 - Level 6.0 Spellcasting
 - Level 3.6 Necromancy
 - Level 10.0 Invocations
 + Level 12.4 Shapeshifting


You had 25 spell levels left.
You knew the following spells:

 Your Spells              Type           Power      Damage    Failure   Level
a - Necrotise             Necr           64%        1d7       3%          1
b - Vampiric Draining     Necr           16%        2d7       10%         3

Your spell library contained the following spells:

 Spells                   Type           Power      Damage    Failure   Level
 Sublimation of Blood     Necr           16%        N/A       4%          2
 Fugue of the Fallen      Necr           16%        N/A       10%         3
 Cigotuvi's Dreadful Rot  Necr/Alch/Air  16%        N/A       13%         2
 Foxfire                  Conj/Fire      16%        2x1d4     14%         1
 Freeze                   Ice            16%        1d4       14%         1
 Magic Dart               Conj           16%        1d3       14%         1
 Ensorcelled Hibernation  Hex/Ice        8%         N/A       21%         2
 Scorch                   Fire           8%         2d5       21%         2
 Searing Ray              Conj           8%         2d4       21%         2
 Dispel Undead            Necr           16%        3d10      30%         4
 Hailstorm                Conj/Ice       4%         3d5       38%         3
 Sigil of Binding         Hex            4%         N/A       38%         3
 Anguish                  Hex/Necr       5%         N/A       54%         4
 Curse of Agony           Necr           16%        N/A       65%         5
 Brom's Barrelling Bould  Conj/Erth      4%         2d3       80%         4
 Cause Fear               Hex            2%         N/A       80%         4
 Dimensional Bullseye     Hex/Tloc       2%         N/A       80%         4
 Flame Wave               Conj/Fire      4%         2d5       80%         4
 Fulminant Prism          Conj/Alch      2%         3d5       80%         4
 Ignite Poison            Fire/Alch      4%         N/A       80%         4
 Iskenderun's Mystic Bla  Conj/Tloc      4%         2d3       80%         4
 Passage of Golubria      Tloc           4%         N/A       80%         4
 Petrify                  Alch/Erth      4%         N/A       80%         4
 Vhi's Electric Charge    Tloc/Air       8%         N/A       80%         4
 Arcjolt                  Conj/Air       2%         1d12      98%         5
 Fireball                 Conj/Fire      2%         3d4       98%         5
 Irradiate                Conj/Alch      2%         3d12      98%         5
 Iskenderun's Battlesphe  Conj           4%         2d6       98%         5
 Yara's Violent Unravell  Hex/Alch       2%         3d3       98%         5
 Bombard                  Conj/Erth      2%         9d1       100%        6
 Conjure Ball Lightning   Conj/Air       2%         3x3d6     100%        6
 Plasma Beam              Fire/Air       2%         2x1d12    100%        6
 Starburst                Conj/Fire      2%         6d3       100%        6
 Enfeeble                 Hex            2%         N/A       100%        7
 Orb of Destruction       Conj           2%         9d5       100%        7
 Maxwell's Capacitive Co  Air            2%         ∞         100%        8
 Animate Dead             Necr           Unusable   N/A       N/A         4
 Call Canine Familiar     Summ           Unusable   N/A       N/A         3
 Tukima's Dance           Hex            Unusable   N/A       N/A         3
 Martyr's Knell           Necr/Summ      Unusable   N/A       N/A         4
 Animate Armour           Summ/Erth      Unusable   N/A       N/A         4
 Death Channel            Necr           Unusable   N/A       N/A         6
 Summon Cactus Giant      Summ           Unusable   N/A       N/A         6

Dungeon Overview and Level Annotations

Branches:
Dungeon (15/15)            Temple (1/1) D:4            Lair (5/5) D:8
 Shoals (0/4) Lair:2       Spider (4/4) Lair:3        Slime (0/5) Lair:4
    Orc (2/2) D:11            Elf (2/3) Orc:2        Vaults (0/5) D:14
 Depths (0/4) D:15          Sewer (visited)         Gauntlet (visited)

Altars:
Ashenzari
Cheibriados
Dithmenos
Elyvilon
Fedhas
Gozag
Hepliaklqana
Kikubaaqudgha
Makhleb
Nemelex Xobeh
Okawaru
Qazlal
Ru
Sif Muna
Trog
Uskayaw
Vehumet
Wu Jian
Xom
Yredelemnul
Zin
The Shining One
Jiyva

Shops:
D:1 (   D:12 ?   Orc:2 =([*   Elf:1 [

Portals:
Hell: Lair:5

Annotations:
D:8 exclusion: endoplasm
D:13 3 runed translucent doors, Ined's ghost, journeyman MiBe
Lair:3 Rupert


Innate Abilities, Weirdness & Mutations

You are too large for most types of armour.
You have a pair of small horns on your head.
You have tough skin. (AC +1)
You gain doubled healing and magic from potions.
Whenever you drink a healing potion, you attack all around you.


Message History

You miss the +1 trident of venom.
Your headbutt misses the +1 trident of venom.
You feel very sick.
The +1 trident of venom closely misses you.
You hit the +1 trident of venom.
Your headbutt misses the +1 trident of venom.
The +1 trident of venom is lightly damaged.
You feel very sick. The +1 trident of venom hits you!
* * * LOW HITPOINT WARNING * * *
You are more poisoned.
You completely miss the +1 trident of venom.
The +1 trident of venom is lightly damaged.
You radiate an aura of cold.
The +1 trident of venom is unaffected.
The deep elf archer seems to slow down.
You feel very sick.
The deep elf archer mumbles some strange words.
The deep elf archer blinks!
* * * LOW HITPOINT WARNING * * *
You feel extremely sick.
You block the +1 trident of venom's attack.
The +1 trident of venom hits you from afar.
* * * LOW HITPOINT WARNING * * *
You are lethally poisoned!
There is a stone staircase leading up, spattered with blood here.
Things that are here:
a +0 leather armour; a +0 vampiric dagger; a +0 shortbow
* * * LOW HITPOINT WARNING * * *
You feel extremely sick.
The +1 trident of venom hits you from afar!
* * * LOW HITPOINT WARNING * * *
You are more poisoned.
The deep elf archer unwields a +0 short sword.
The deep elf archer wields a +0 shortbow.
The deep elf archer shoots an arrow.
The arrow hits you!
* * * LOW HITPOINT WARNING * * *
The +1 trident of venom hits you from afar!
* * * LOW HITPOINT WARNING * * *
You climb upwards.
You die...

######.....# ##'.....#
##.###.### #######
##.## ### ##.....##
##.## ##......>## #.##
#.........#
'###########..)......#
...........'.....)...#
############....@....#
♣ ♣♣♣♣.♣.^..# ♣♣
♣♣.♣♣...## .♣♣♣
♣♣.♣♣♣..## ♣..♣♣♣♣♣
♣♣♣.♣♣♣♣###
♣♣♣..♣)♣♣♣..♣♣ ♣.#
♣♣♣.....♣♣♣ #.#
♣♣).♣♣♣♣ #.# ♣♣.♣♣♣
#.#


There were no monsters in sight!

Vanquished Creatures
  Arachne (Spider:3)
  A balrug (Gauntlet)
  4 emperor scorpions
  3 ghost moths
  5 broodmothers (Spider:4)
  A deep elf demonologist (Elf:2)
  A minotaur (Gauntlet)
  Snorg (Orc:2)
  A deep elf high priest (Elf:1)
  A yaktaur captain (D:14)
  5 entropy weavers
  A quicksilver dragon zombie (D:15)
  6 hydras
  An entropy weaver (shapeshifter) (Elf:1)
  An anaconda (shapeshifter) (D:13)
  4 centaur warriors
  9 two-headed ogres
  2 jorogumos
  4 radroaches
  An ogre mage (D:15)
  A death knight (D:15)
  A catoblepas (Lair:5)
  7 dancing weapons
  Erica (D:9)
  3 boulder beetles
  6 death yaks (Lair:5)
  2 tengu warriors (D:15)
  A death scarab (Gauntlet)
  An occultist (Lair:5)
  Sonja (Lair:3)
  3 orc high priests (Orc:2)
  6 demonic crawlers
  4 deep elf knights
  Nergalle (Lair:3)
  5 skysharks
  A sixfirhy (Lair:5)
  2 spriggan druids (Elf:1)
  6 pharaoh ants
  3 skeletal warriors (D:15)
  A spark wasp zombie (D:15)
  A flayed ghost (D:15)
  7 orb spiders
  2 glowing orange brains (D:13)
  4 thermic dynamos
  6 deep elf archers
  6 steelbarb worms
  6 orc knights
  4 harpies (D:15)
  A necromancer (D:15)
  9 deep elf zephyrmancers
  24 wolf spiders
  12 deep elf pyromancers
  6 orc sorcerers
  3 cyclopes
  4 manticores
  9 ugly things
  3 moths of wrath
  5 black mambas
  Joseph (D:10)
  5 elephants
  3 gargoyles
  4 torpor snails (Spider:4)
  A kobold blastminer (Orc:2)
  11 cane toads
  2 orange demons (Lair:5)
  An efreet (D:14)
  2 unseen horrors (D:10)
  10 komodo dragons
  3 yaktaurs (D:14)
  A rime drake (shapeshifter) (Elf:1)
  6 rime drakes
  An ice devil (Lair:5)
  2 red devils (Lair:5)
  4 trolls
  A merfolk (shapeshifter) (Elf:1)
  3 queen bees
  A hellwing (Lair:5)
  3 polar bears
  A tarantella (shapeshifter) (D:13)
  Grinder (D:3)
  32 tarantellas
  20 blink frogs
  A dream sheep (shapeshifter) (D:14)
  19 jumping spiders
  5 slime creatures
  A shadow (D:10)
  24 culicivoras
  2 air elementals (Elf:1)
  2 basilisks
  4 water elementals
  6 fire elementals (Elf:1)
  6 wyverns
  A spectral komodo dragon (Gauntlet)
  55 yaks
  A hog (shapeshifter) (Elf:1)
  Grum (D:10)
  69 redbacks
  6 vampire mosquitoes
  2 steam dragons
  3 wargs
  2 acid dragons
  10 water moccasins
  6 hell hounds
  An ice beast (D:6)
  A sky beast (D:6)
  14 orc warriors
  3 black bears
  2 laughing skulls (D:14)
  4 ogres
  16 wolves
  9 centaurs
  A phantom (D:5)
  6 kobold brigands
  12 bullfrogs
  A gnoll sergeant (D:10)
  36 scorpions
  2 earth elementals (Elf:1)
  30 killer bees
  2 howler monkeys
  9 jellies
  2 bombardier beetles (D:5)
  3 hounds
  11 orc priests
  Crazy Yiuf (D:5)
  A gnoll bouda (D:5)
  Terence (D:3)
  3 iguanas
  14 orc wizards
  4 sleepcaps
  13 gnolls
  13 adders
  3 river rats (Sewer)
  A white imp (D:7)
  2 ufetubi (D:6)
  4 dart slugs
  6 ribbon worms
  48 orcs
  7 ball pythons
  5 bats
  25 endoplasms
  4 giant cockroaches
  3 goblins
  7 hobgoblins
  6 quokkas
  2 frilled lizards
  21 kobolds
  11 rats
  A butterfly (Lair:1)
937 creatures vanquished.

Vanquished Creatures (collateral kills)
  A bat (D:1)
  A hobgoblin (D:1)
  A quokka (D:1)
3 creatures vanquished.

Vanquished Creatures (others)
  A water elemental (Elf:1)
  An orc priest (Orc:2)
  3 spectral weapons
5 creatures vanquished.

Grand Total: 945 creatures vanquished

Notes
Turn   | Place    | Note
-------+----------+-------------------------------------------
     0 | D:1      | PurpleRed the Oni Necromancer began the quest for the Orb.
     0 | D:1      | Reached XP level 1. HP: 16/16 MP: 3/3
     0 | D:1      | Upgraded the game from 0.32-a0-481-g9ce6b88 to
                  | 0.32-a0-484-g2eb335d
     2 | D:1      | Noticed a vampire
     4 | D:1      | Noticed a draconian
     4 | D:1      | Noticed an elf
     6 | D:1      | Noticed a demonspawn
     6 | D:1      | Noticed a spriggan
     8 | D:1      | Noticed a naga
     8 | D:1      | Noticed a djinni
    10 | D:1      | Noticed a demigod
    10 | D:1      | Noticed a tengu
    14 | D:1      | Noticed an octopode
    14 | D:1      | Noticed a gargoyle
    16 | D:1      | Noticed a troll
    16 | D:1      | Noticed an oni
    18 | D:1      | Noticed a minotaur
    18 | D:1      | Noticed a vine stalker
    20 | D:1      | Noticed a ghoul
    20 | D:1      | Noticed an armataur
    22 | D:1      | Noticed a merfolk
    22 | D:1      | Noticed a human
    24 | D:1      | Noticed a dwarf
    26 | D:1      | Noticed a formicid
    26 | D:1      | Noticed a barachi
    28 | D:1      | Noticed a felid
   103 | D:1      | Reached skill level 1 in Fighting
   152 | D:1      | Reached skill level 1 in Axes
   152 | D:1      | Reached XP level 2. HP: 10/27 MP: 3/5
   349 | D:1      | Reached skill level 2 in Fighting
   564 | D:1      | Reached XP level 3. HP: 26/35 MP: 6/6
   568 | D:1      | Learned a level 3 spell: Vampiric Draining
   859 | D:1      | Found Feesigen's Weapon Shop.
  1333 | D:2      | Reached XP level 4. HP: 28/44 MP: 0/7
  1451 | D:2      | Reached skill level 3 in Fighting
  1501 | D:2      | Found a shimmering altar of Xom.
  2227 | D:3      | Found a shimmering blue altar of Sif Muna.
  2229 | D:3      | Noticed Ijyb
  2490 | D:3      | Found a faded altar of an unknown god.
  2518 | D:3      | Noticed Terence
  2568 | D:3      | Killed Terence
  2569 | D:3      | Reached XP level 5. HP: 45/54 MP: 4/8
  2626 | D:3      | Noticed Grinder
  2749 | D:3      | Paralysed by Grinder for 5 turns
  3112 | D:4      | Reached skill level 4 in Fighting
  3299 | D:4      | Found a staircase to the Ecumenical Temple.
  3306 | Temple   | Entered the Ecumenical Temple
  3315 | Temple   | Became a worshipper of Warmaster Okawaru
  3500 | D:4      | Reached XP level 6. HP: 56/63 MP: 9/9
  3733 | D:4      | Found a broken altar of Ashenzari.
  3861 | D:5      | Entered Level 5 of the Dungeon
  3949 | D:5      | Reached skill level 5 in Axes
  4000 | D:5      | Found a glowing drain.
  4004 | Sewer    | Entered a sewer
  4034 | Sewer    | Reached skill level 5 in Fighting
  4043 | Sewer    | Reached * piety under Okawaru
  4350 | Sewer    | Reached XP level 7. HP: 42/72 MP: 4/10
  4897 | Sewer    | Reached skill level 6 in Fighting
  5122 | D:5      | Upgraded the game from 0.32-a0-484-g2eb335d to
                  | 0.32-a0-485-g70f7560
  5218 | D:5      | Reached skill level 1 in Invocations
  5329 | D:5      | Reached XP level 8. HP: 82/84 MP: 11/11
  5938 | D:5      | Reached skill level 7 in Fighting
  6137 | D:5      | Reached ** piety under Okawaru
  6263 | D:5      | Found a runed translucent door.
  6264 | D:5      | Noticed Crazy Yiuf
  6414 | D:5      | Got the Encyclopedia of the Secret Xenophobes
  6788 | D:4      | Found a shimmering altar of Xom.
  6897 | D:3      | Killed Grinder
  7260 | D:3      | Ijyb changed into Ijyb the howler monkey
  7260 | D:3      | Noticed Ijyb
  7266 | D:3      | Killed Ijyb the howler monkey
  7387 | D:1      | Bought a +0 war axe for 49 gold pieces
  7777 | D:6      | Reached XP level 9. HP: 81/96 MP: 12/12
  7842 | D:6      | Found a bloodstained altar of Trog.
  7854 | D:6      | Reached skill level 8 in Fighting
  8044 | D:6      | Reached *** piety under Okawaru
  8246 | D:6      | Reached skill level 5 in Invocations
  8602 | D:7      | Identified the +1 short sword "Kurekar" {freeze, rN+ rCorr
                  | Dex+3}
  8720 | D:7      | Reached skill level 9 in Fighting
  9171 | D:7      | Reached skill level 10 in Axes
 10241 | D:8      | Found a staircase to the Lair.
 10395 | D:8      | Reached XP level 10. HP: 73/110 MP: 14/14
 10620 | D:8      | Reached skill level 10 in Fighting
 10750 | D:8      | Found an ancient bone altar of Kikubaaqudgha.
 10778 | D:8      | Reached **** piety under Okawaru
 10995 | D:9      | Found the brooch of Shielding {Spirit SH+8}
 11292 | D:9      | Noticed Erica
 11292 | D:9      | Noticed a two-headed ogre
 11300 | D:9      | Killed Erica
 11307 | D:9      | Killed a two-headed ogre
 11307 | D:9      | Reached ***** piety under Okawaru
 11944 | D:9      | Received a gift from Okawaru
 12230 | D:9      | Reached skill level 11 in Fighting
 12503 | D:10     | Entered Level 10 of the Dungeon
 12673 | D:10     | Noticed Joseph
 12686 | D:10     | Killed Joseph
 12844 | D:10     | Reached skill level 1 in Shields
 12853 | D:10     | Reached XP level 11. HP: 71/120 MP: 8/16
 13074 | D:10     | Found a white marble altar of Elyvilon.
 13088 | D:10     | Received a gift from Okawaru
 13568 | D:10     | Noticed Grum
 13595 | D:10     | Killed Grum
 14419 | D:11     | Found a staircase to the Orcish Mines.
 14469 | D:11     | Noticed a two-headed ogre
 14487 | D:10     | Reached skill level 12 in Fighting
 14689 | Lair:1   | Entered Level 1 of the Lair of Beasts
 14712 | Lair:1   | Received a gift from Okawaru
 14861 | Lair:1   | Identified the +0 long sword "Ufidul" {protect, Str+2}
 15367 | Lair:1   | Reached XP level 12. HP: 86/133 MP: 13/18
 15663 | Lair:1   | Reached skill level 13 in Fighting
 16013 | Lair:1   | Received a gift from Okawaru
 16014 | Lair:1   | Reached skill level 5 in Shields
 16667 | Lair:2   | Noticed a five-headed hydra
 16681 | Lair:2   | Killed a five-headed hydra
 17257 | Lair:2   | Found a staircase to the Shoals.
 17675 | Lair:3   | Identified a scroll of acquirement
 17676 | Lair:3   | Acquired a manual of Throwing
 17700 | Lair:3   | Reached skill level 1 in Throwing
 17791 | Lair:3   | Reached skill level 14 in Fighting
 17814 | Lair:3   | Found a hole to the Spider Nest.
 17867 | Lair:3   | Noticed a skyshark
 17880 | Lair:3   | Killed a skyshark
 17880 | Lair:3   | Received a gift from Okawaru
 18219 | Lair:3   | Noticed Nergalle
 18231 | Lair:3   | Killed Nergalle
 18292 | Lair:3   | Reached XP level 13. HP: 80/148 MP: 9/19
 18302 | Lair:3   | Reached skill level 5 in Throwing
 18824 | Lair:3   | Noticed Sonja
 18829 | Lair:3   | Killed Sonja
 18830 | Lair:3   | Reached skill level 15 in Axes
 19149 | Lair:4   | Found a viscous altar of Jiyva.
 19149 | Lair:4   | Found a staircase to the Slime Pits.
 19165 | Lair:4   | Received a gift from Okawaru
 19549 | Lair:4   | Noticed Rupert
 19580 | Lair:4   | Reached skill level 15 in Fighting
 19714 | Lair:5   | Entered Level 5 of the Lair of Beasts
 20460 | Orc:1    | Entered Level 1 of the Orcish Mines
 20585 | Orc:2    | Entered Level 2 of the Orcish Mines
 20585 | Orc:2    | Found a staircase to the Elven Halls.
 20959 | Orc:2    | Noticed Snorg
 21325 | Orc:2    | Reached ****** piety under Okawaru
 21352 | Orc:1    | Acquired the +8 mithril axe "Arga" {speed, Will+}
 21352 | Orc:1    | Received a gift from Okawaru
 21352 | Orc:1    | Found the +8 mithril axe "Arga" {speed, Will+}
 21355 | Orc:1    | Acquired the +4 skin of Zhor {*Englaciate rC+++ SInv}
 21355 | Orc:1    | Received a gift from Okawaru
 21355 | Orc:1    | Found the +4 skin of Zhor {*Englaciate rC+++ SInv}
 21498 | Orc:2    | Killed Snorg
 22013 | Orc:2    | Received a gift from Okawaru
 22697 | Orc:2    | Found Zopt's Assorted Antiques.
 22697 | Orc:2    | Found Niasorph's Jewellery Shoppe.
 22699 | Orc:2    | Found Xakodag's Antique Weapon Shoppe.
 22699 | Orc:2    | Found Gauc's Antique Armour Boutique.
 22792 | Orc:2    | Bought an encrusted scarf for 230 gold pieces
 22792 | Orc:2    | Identified the scarf of Makhleb's Supremacy {shadows, Will-
                  | MP+9 Int+2 Dex+2} (You bought it in a shop on level 2 of
                  | the Orcish Mines)
 22795 | Orc:2    | Bought a coppery potion for 32 gold pieces
 22816 | Orc:2    | Bought a faintly glowing troll leather armour for 460 gold
                  | pieces
 22816 | Orc:2    | Identified the +1 troll leather armour of Minor Irritation
                  | {rN+ Regen+ Dex+3} (You bought it in a shop on level 2 of
                  | the Orcish Mines)
 22822 | Orc:2    | Bought a ring of poison resistance for 300 gold pieces
 22917 | Orc:1    | Reached XP level 14. HP: 128/161 MP: 17/20
 23896 | D:11     | Reached skill level 16 in Fighting
 24452 | D:5      | Killed Crazy Yiuf
 24891 | D:12     | Received a gift from Okawaru
 25031 | D:12     | Identified the +3 flail of Rolom {flame, rPois Dex+4}
 25308 | D:12     | Found Vit Teef's Magic Scroll Emporium.
 25397 | D:12     | Found the amulet of Vitality {RegenMP++ Regen++}
 25791 | D:13     | Found a gate leading to a gauntlet.
 25822 | Gauntlet | Entered a Gauntlet
 25822 | Gauntlet | Found a transporter.
 25842 | Gauntlet | Found a transporter.
 25857 | Gauntlet | Found a transporter.
 25861 | Gauntlet | Noticed a reaper
 25862 | Gauntlet | Found a transporter.
 25879 | Gauntlet | Found a transporter.
 25896 | Gauntlet | Found a transporter.
 25908 | Gauntlet | Found a transporter.
 25920 | Gauntlet | Found a transporter.
 25931 | Gauntlet | Noticed a cacodemon
 25932 | Gauntlet | Found a transporter.
 25942 | Gauntlet | Noticed a balrug
 25944 | Gauntlet | Found a transporter.
 25961 | Gauntlet | Found a transporter.
 25978 | Gauntlet | Found a transporter.
 25980 | Gauntlet | Found a transporter.
 26009 | Gauntlet | Found a transporter.
 26011 | Gauntlet | Found a transporter.
 26011 | Gauntlet | Found a transporter.
 26043 | Gauntlet | Found a transporter.
 26043 | Gauntlet | Found a transporter.
 26094 | Gauntlet | Reached skill level 10 in Throwing
 26186 | Gauntlet | Killed a balrug
 26199 | Gauntlet | Identified the +2 cloak "Neimn" {Harm rPois rF-}
 26375 | Gauntlet | Identified the +1 robe "Hegiad" {Rampage rElec Regen+
                  | Dex-4}
 26386 | Gauntlet | Received a gift from Okawaru
 26395 | Gauntlet | Got the Dissertation on Assaults
 26534 | D:13     | Found a runed translucent gate.
 26535 | D:13     | Found a runed translucent gate.
 26535 | D:13     | Found a runed translucent gate.
 26540 | D:13     | Got Sif Muna's Vellum of Reconfiguration and the Barrage
 26592 | D:13     | Found a runed translucent gate.
 26592 | D:13     | Found a runed translucent gate.
 26599 | D:13     | Found a runed translucent gate.
 26599 | D:13     | Noticed Ined's ghost (journeyman MiBe)
 26974 | D:13     | Reached skill level 17 in Fighting
 27646 | Lair:3   | Received a gift from Okawaru
 28580 | Lair:5   | Received a gift from Okawaru
 28642 | Lair:5   | Reached XP level 15. HP: 148/172 MP: 17/21
 29146 | Lair:5   | Reached skill level 18 in Fighting
 29161 | Lair:5   | Received a gift from Okawaru
 29530 | Lair:5   | Found a burning altar of Makhleb.
 29536 | Lair:5   | Found a gateway to Hell.
 30233 | D:14     | Found a gate to the Vaults.
 30575 | D:14     | Received a gift from Okawaru
 31113 | D:15     | Entered Level 15 of the Dungeon
 31732 | D:15     | Received a gift from Okawaru
 31742 | D:15     | Paralysed by an ogre mage for 5 turns
 31928 | D:15     | Found a staircase to the Depths.
 32158 | D:15     | Reached skill level 10 in Invocations
 32333 | D:15     | Reached skill level 5 in Dodging
 32785 | D:15     | Reached XP level 16. HP: 141/188 MP: 18/23
 33364 | Spider:1 | Entered Level 1 of the Spider Nest
 33513 | Spider:1 | Reached skill level 19 in Fighting
 33660 | Spider:1 | Received a gift from Okawaru
 35203 | Spider:2 | Identified the +1 glaive "Wutex" {flame, Dex+5}
 35327 | Spider:2 | Reached skill level 1 in Armour
 35636 | Spider:2 | Received a gift from Okawaru
 36874 | Spider:3 | Received a gift from Okawaru
 36923 | Spider:3 | Reached skill level 20 in Fighting
 37027 | Spider:3 | Reached skill level 5 in Spellcasting
 37621 | Spider:3 | Noticed Arachne
 37640 | Spider:3 | Killed Arachne
 37641 | Spider:3 | Reached skill level 1 in Shapeshifting
 38071 | Spider:3 | Reached XP level 17. HP: 147/201 MP: 20/26
 38685 | Spider:4 | Entered Level 4 of the Spider Nest
 38708 | Spider:4 | Received a gift from Okawaru
 39029 | Spider:3 | Reached skill level 5 in Shapeshifting
 41193 | Spider:4 | Identified the +7 plate armour of Noon {-Tele rPois Dex+3
                  | Stlth+}
 41337 | Spider:4 | Received a gift from Okawaru
 41369 | Spider:4 | Got a gossamer rune of Zot
 41723 | Orc:2    | Bought a granite talisman for 900 gold pieces
 41723 | Orc:2    | Bought the ring "Lasitaom" {rElec rF+ rN+} for 615 gold
                  | pieces
 41788 | Elf:1    | Entered Level 1 of the Elven Halls
 41853 | Elf:1    | Reached skill level 10 in Shapeshifting
 42361 | Elf:1    | Found Fogized's Armour Boutique.
 42576 | Elf:1    | Identified the +9 dire flail "Uwnu Cot" {freeze, Str+2}
 42702 | Elf:1    | Reached XP level 18. HP: 174/210 MP: 23/27
 42832 | Elf:1    | Found a stormy altar of Qazlal.
 42843 | Elf:1    | Received a gift from Okawaru
 43910 | Elf:2    | HP: 3/210 [+1 trident of venom (8)]
 43911 | Elf:1    | Succumbed to a +1 trident of venom's poison

Illustrated notes

Levels and vault maps discovered:
D:1:      kb_arrival_jail, layout_loops_ring, serial_shops, shop,
          grunt_decor_arrowhead, minmay_misc_feat_iff
D:2:      layout_basic, basic_altar, chequers_serial_rivers_micro_b,
          kennysheep_potato
D:3:      layout_rooms, mainiacjoe_overflow_catwalk,
          nicolae_ecumenical_oubliette, uniq_ijyb, uniq_terence, uniq_grinder
D:4:      layout_basic, mainiacjoe_overflow_chevrons,
          lemuel_coloured_pillars_altar, minmay_temple_entry_tees
D:5:      layout_loops_ring, mainiacjoe_sewer_entry_somewhere_in_here_2,
          uniq_crazy_yiuf_cottage
D:6:      layout_loops_cross, mainiacjoe_overflow_concentric_impassable
D:7:      layout_gridville
D:8:      lemuel_slime, layout_loops_ring, kiku_gazebo_garden_becter,
          lair_entry_dummy
D:9:      layout_basic, uniq_erica
D:10:     layout_loops_cross, mainiacjoe_overflow_24_doors,
          nicolae_looking_at_the_future, uniq_grum, uniq_joseph
D:11:     layout_layer_cave, orc_0_dummy, kennysheep_big_empty_room
D:12:     layout_long_grid, serial_shops, shop, minmay_lindwurm_lava
D:13:     layout_roguey, gauntlet_entry_generic,
          ploomutoo_gammafunk_ghost_potion_laboratory
D:14:     layout_basic, david_vaults_2, kennysheep_doodads, corner_web_ring
D:15:     gammafunk_depths_entry_grave, layout_layer_cave, serial_park_paths
          [serial_park_minivault_5x5_1], pond
Temple:   eino_temple_scatter_basement
Lair:1:   layout_cave_pods, lemuel_fruit_fields
Lair:2:   layout_roguey, shoals_dummy_entry
Lair:3:   layout_chaotic_city, spider_nest_entry_web_field, uniq_sonja,
          uniq_nergalle
Lair:4:   layout_hall_layers, slime_entry_1, chequers_serial_rivers_micro_a,
          uniq_rupert
Lair:5:   evil_forest, layout_hall_layers
Spider:1: layout_spider_delve
Spider:2: layout_spider_delve, nicolae_spider_baby_got_redback,
          hangedman_spider_tarantella_strand
Spider:3: spiders_nest_a, hive_lemuel, uniq_arachne
Spider:4: hellmonk_spider_rune_endless_swarm
Orc:1:    layout_caves
Orc:2:    grunt_orc_tribal_feast, layout_caves, uniq_snorg
Elf:1:    eino_elf_arrival_customs, layout_geoelf_diagonals, serial_shops,
          nicolae_shop_gibbet_a_chance, nicolae_elf_altarnating,
          kilobyte_rumbling_trees
Elf:2:    nicolae_elf_blades_crystal_corner, layout_geoelf_octagon,
          grunt_ministairs_13, drop_trap, uniq_donald

Skill      XL: |  1  2  3  4  5  6  7  8  9 10 11 12 13 14 15 16 17 18 |
---------------+-------------------------------------------------------+-----
Fighting       | 1 2 3 4 5 6 7 9 11 12 14 15 17 18 20 | 20.0
Axes           | 1 2 3 4 5 6 8 10 12 13 14 15 17 18 | 18.0
Invocations    | 1 4 5 7 8 10 | 10.0
Shields        | 1 4 6 8 |  8.0
Throwing       | 4 8 10 12 14 | 14.0
Dodging        | 5 6 |  6.0
Armour         | 4 |  4.0
Spellcasting   | 6 |  6.0
Shapeshifting  | 2 11 12 | 12.4
Stealth        | |  1.4
Necromancy     | |  3.6

Action                     |  1- 3 |  4- 6 |  7- 9 | 10-12 | 13-15 | 16-18 || total
---------------------------+-------+-------+-------+-------+-------+-------++-------
  Melee: Unarmed           |    50 |       |       |       |       |       ||    50
         Headbutt          |    12 |    32 |    68 |    94 |   241 |   237 ||   684
         Punch             |     1 |       |       |       |       |       ||     1
         Club              |    68 |       |       |       |       |       ||    68
         Hand axe          |       |   197 |   149 |       |       |       ||   346
         War axe           |       |       |   142 |   403 |   162 |       ||   707
         Spear             |       |       |       |    11 |     1 |       ||    12
         Broad axe         |       |       |       |       |   701 |  1086 ||  1787
         Morningstar       |       |       |       |       |    23 |       ||    23
  Throw: Dart              |       |     1 |    20 |     3 |     3 |       ||    27
         Large rock        |       |       |       |     1 |    22 |    14 ||    37
   Cast: Necrotise         |    10 |     2 |       |       |       |       ||    12
         Vampiric Draining |     3 |     5 |       |       |       |       ||     8
 Invoke: Heroism           |       |       |     3 |     8 |    13 |     3 ||    27
         Finesse           |       |       |       |     1 |     1 |     3 ||     5
         Receive Weapon    |       |       |       |       |     1 |       ||     1
         Receive Armour    |       |       |       |       |     1 |       ||     1
  Evoke: Wand              |       |     3 |    14 |     3 |    11 |     3 ||    34
    Use: Scroll            |       |     4 |     8 |    10 |    12 |     3 ||    37
         Potion            |       |       |     1 |       |     2 |     1 ||     4
   Stab: Distracted        |     1 |       |       |     6 |     5 |       ||    12
         Sleeping          |     2 |     1 |       |       |     1 |     4 ||     8
         Paralysed         |       |     9 |     2 |     3 |       |       ||    14
         Invisible         |       |       |       |       |       |     8 ||     8
 Armour: Robe              |    96 |   134 |   180 |    91 |   110 |       ||   611
         Animal skin       |       |       |       |   164 |   367 |   490 ||  1021
         Troll leather arm |       |       |       |       |    30 |       ||    30
  Dodge: Dodged            |    62 |    91 |   104 |   100 |   216 |   390 ||   963
  Block: Other             |       |       |       |    86 |   178 |   177 ||   441

Table legend: (Time is in decaauts)
 A = Elapsed time spent in this place.
 B = Non-inter-level travel time spent in this place.
 C = Inter-level travel time spent in this place.
 D = Time resting spent in this place.
 E = Time spent auto-exploring this place.
 F = Levels seen in this place.
 G = Mean time per level.
                   A        B        C        D        E       F      G
               +--------+--------+--------+--------+--------+-----+--------+
         Total |  42945 |  39858 |   3087 |   4917 |  25676 |  31 | 1385.3 |
       Dungeon |  20644 |  18538 |   2106 |   1051 |  13552 |  15 | 1376.3 |
        Temple |     20 |     20 |      0 |      0 |      0 |   1 |   20.0 |
          Lair |   8013 |   7534 |    479 |   1444 |   4385 |   5 | 1602.6 |
   Spider Nest |   7701 |   7492 |    209 |   1380 |   4458 |   4 | 1925.2 |
  Orcish Mines |   2863 |   2587 |    276 |    493 |   1228 |   2 | 1431.5 |
   Elven Halls |   1983 |   1969 |     14 |    387 |   1160 |   2 |  991.5 |
         Sewer |   1139 |   1139 |      0 |      0 |    842 |   1 | 1139.0 |
      Gauntlet |    580 |    580 |      0 |    161 |     51 |   1 |  580.0 |
               +--------+--------+--------+--------+--------+-----+--------+

Top non-repeatable levels by time:
Spider:3: 2808 daAuts
  Lair:3: 2319 daAuts
Spider:4: 2138 daAuts
  Lair:5: 1929 daAuts
     D:5: 1901 daAuts
    D:15: 1892 daAuts
     D:9: 1867 daAuts
    D:10: 1792 daAuts
  Lair:1: 1690 daAuts
   Elf:1: 1690 daAuts
   Orc:2: 1684 daAuts
     D:8: 1659 daAuts
Spider:1: 1652 daAuts
    D:13: 1411 daAuts
    D:11: 1391 daAuts
